 Dungeon Crawl Stone Soup version 0.23.2-40-g277498a001 (webtiles) character file.

Game seed: 8452231585190924696

14 MalarOregon the Poker (level 2, -2/36 HPs)
             Began as a Merfolk Berserker on Aug 23, 2019.
             Was a Follower of Trog.
             Slain by a leopard gecko (4 damage)
             ... on level 1 of the Dungeon.
             The game lasted 00:00:45 (316 turns).

MalarOregon the Poker (Merfolk Berserker)            Turns: 316, Time: 00:00:46

Health: -2/36      AC:  2    Str: 22    XL:     2   Next: 41%
Magic:  2/2        EV: 13    Int:  6    God:    Trog [*.....]
Gold:   26         SH:  0    Dex: 13    Spells: 1/1 levels left

rFire    . . .     SeeInvis .   a - +0 spear
rCold    . . .     Gourm    .   (no shield)
rNeg     . . .     Faith    .   b - +0 animal skin
rPois    .         Spirit   .   (no helmet)
rElec    .         Reflect  .   (no cloak)
rCorr    .         Harm     .   (no gloves)
MR       .....                  (no boots)
Stlth    ..........             (no amulet)
HPRegen  0.12/turn              (no ring)
MPRegen  0.08/turn              (no ring)

@: berserking, very quick
A: change form in water, swift swim, stealthy swim
a: Berserk, Renounce Religion


You were on level 1 of the Dungeon.
You worshipped Trog.
Trog was aware of your devotion.
You were not hungry.

You visited 1 branch of the dungeon, and saw 1 of its levels.

You collected 26 gold pieces.

Inventory:

Hand Weapons
 a - a +0 spear (weapon)
Armour
 b - a +0 animal skin (worn)
Scrolls
 f - a scroll of amnesia {unknown}
 h - a scroll of identify {unknown}
Potions
 c - a potion of haste {unknown}
 d - a potion of heal wounds {unknown}
Comestibles
 e - 2 rations {!d}
 g - 4 chunks of flesh


   Skills:
 * Level 3.5 Fighting
 * Level 4.7 Polearms
 + Level 0.3 Throwing
 + Level 1.5 Armour
 * Level 3.1 Dodging


You had one spell level left.
You didn't know any spells.
Your spell library was empty.

Dungeon Overview and Level Annotations

Branches:
Dungeon (1/15)

Altars:


Message History

You barely miss the bat. The bat misses you.
The hobgoblin hits you with a +0 club!
* * * LOW HITPOINT WARNING * * *
The bat misses you.
You hit the bat.
You kill the bat!
Trog accepts your kill.
You closely miss the hobgoblin. The hobgoblin misses you.
You completely miss the hobgoblin. The hobgoblin closely misses you.
You hit the hobgoblin. The hobgoblin hits you with a +0 club.
* * * LOW HITPOINT WARNING * * *
You hit the hobgoblin.
Unknown command.
You barely miss the hobgoblin. The hobgoblin closely misses you.
You closely miss the hobgoblin. The hobgoblin hits you with a +0 club.
* * * LOW HITPOINT WARNING * * *
You hit the hobgoblin but do no damage. The hobgoblin completely misses you.
You barely miss the hobgoblin. The hobgoblin hits you with a +0 club.
* * * LOW HITPOINT WARNING * * *
You closely miss the hobgoblin. You hit the hobgoblin but do no damage.
The hobgoblin barely misses you.
Unknown command.
You barely miss the hobgoblin. The hobgoblin closely misses you.
Unknown command.
You hit the hobgoblin.
You kill the hobgoblin!
Trog accepts your kill. The leopard gecko bites you.
* * * LOW HITPOINT WARNING * * *
You closely miss the leopard gecko. The leopard gecko misses you.
You closely miss the leopard gecko. The leopard gecko barely misses you.
Unknown command.
You miss the leopard gecko. The leopard gecko barely misses you.
Unknown command.
Unknown command.
You hit the leopard gecko.
The leopard gecko bites you but does no damage.
Unknown command.
You closely miss the leopard gecko. The leopard gecko closely misses you.
You hit the leopard gecko but do no damage.
The leopard gecko bites you.
* * * LOW HITPOINT WARNING * * *
You barely miss the leopard gecko. The leopard gecko closely misses you.
Unknown command.
You barely miss the leopard gecko. The leopard gecko bites you.
* * * LOW HITPOINT WARNING * * *
A red film seems to cover your vision as you go berserk!
You feel yourself moving faster!
You feel mighty!
You feel a lot more hungry. The leopard gecko bites you.
You die...

#.# ### #..
..####.######
#.#.........#######
#.#.#..#..........#
#.#.#..#..#.#####.#
[..#.##.#.#.....#.#
#.#
.......l#.#.###.#.#
#..
.....###@.......#.#
### ...
#...)......# .
#.#####.####
$..........##.#
.##.###.##.##.# #.#
# #.. ###


You could see a leopard gecko.

Vanquished Creatures
  A leopard gecko (D:1)
  A bat (D:1)
  A giant cockroach (D:1)
  3 goblins (D:1)
  2 hobgoblins (D:1)
  2 kobolds (D:1)
10 creatures vanquished.

Notes
Turn   | Place    | Note
-------+----------+-------------------------------------------
     0 | D:1      | MalarOregon the Merfolk Berserker began the quest for the
                  | Orb.
     0 | D:1      | Reached XP level 1. HP: 18/18 MP: 1/1
   103 | D:1      | Reached XP level 2. HP: 15/24 MP: 2/2
   315 | D:1      | HP: 1/24 [leopard gecko (2)]
   316 | D:1      | Slain by a leopard gecko

Skill      XL: |  1 |
---------------+----+-----
Dodging        | 3 |  3.1
Fighting       | |  3.5
Polearms       | |  4.7
Throwing       | |  0.3
Armour         | |  1.5

Action                   || total
-------------------------++-------
Melee: Spear             ||    72
Invok: Berserk           ||     1
Armor: Animal skin       ||     8
Dodge: Dodged            ||    38
